 Dungeon Crawl Stone Soup version 0.28-a0-476-g0f06bd746f (webtiles) character file.

Game seed: 605964691077166980

23 bande the Skirmisher (level 2, 0/20 HPs)
             Began as a Gargoyle Fighter on Sept 16, 2021.
             Slain by a goblin (6 damage)
             ... led by Robin
             ... on level 2 of the Dungeon.
             The game lasted 00:01:27 (1229 turns).

bande the Skirmisher (Gargoyle Fighter)             Turns: 1229, Time: 00:01:28

Health: 0/20       AC:  9    Str: 19    XL:     2   Next: 95%
Magic:  2/2        EV:  9    Int:  8    God:
Gold:   36         SH:  5    Dex:  9    Spells: 1/1 levels left

rFire   . . .      SeeInvis .   a - +0 war axe
rCold   . . .      Faith    .   c - +1 buckler
rNeg    + . .      Spirit   .   b - +0 scale mail
rPois   ∞          Reflect  .   (no helmet)
rElec   +          Harm     .   (no cloak)
rCorr   .          Rampage  .   (no gloves)
Will    .....                   (no boots)
Stlth   ..........              (no amulet)
HPRegen 0.06/turn               (no ring)
MPRegen 0.08/turn               (no ring)

@: no status effects
A: sickness immunity, AC +2, negative energy resistance 1, electricity
resistance, torment resistance 1, petrification resistance
a: no special abilities


You were on level 2 of the Dungeon.
You visited 1 branch of the dungeon, and saw 2 of its levels.

You collected 36 gold pieces.

Inventory:

Hand Weapons
 a - a +0 war axe (weapon)
Armour
 b - a +0 scale mail (worn)
 c - a +1 buckler (worn)
Scrolls
 f - a scroll of enchant armour
Potions
 d - a potion of might
 h - a potion of invisibility
 k - a potion of heal wounds


   Skills:
 + Level 3.7 Fighting
 + Level 1.9 Axes
 + Level 3.7 Armour
 + Level 3.6 Shields


You had one spell level left.
You didn't know any spells.
Your spell library contained the following spells:

 Spells                   Type           Power      Damage    Failure   Level
 Fireball                 Conj/Fire      0%         3d3       100%        5
 Iskenderun's Battlesphe  Conj           0%         2d6       100%        5
 Conjure Ball Lightning   Conj/Air       0%         3x3d6     100%        6
 Orb of Destruction       Conj           0%         N/A       100%        7


Dungeon Overview and Level Annotations

Branches:
Dungeon (2/15)

Altars:

Annotations:
D:2 Robin


Innate Abilities, Weirdness & Mutations

You are immune to sickness and miasma.
Your stone body is resilient. (AC +2)
You are immune to poison.
You resist negative energy. (rN+)
You are resistant to electric shocks. (rElec)
You are resistant to unholy torment.
You are immune to petrification.


Message History

You kill the hobgoblin!
Robin closely misses you.
Unknown command.
You hit Robin.
Robin is lightly wounded.
A goblin comes into view. It is wielding a +0 club.
Robin hits you but does no damage.
A goblin comes into view. It is wielding a +0 dagger.
Unknown command.
A goblin and a kobold come into view.
The goblin shouts! x2
A goblin comes into view. It is wielding a +0 club. x2
The worm barely misses you. The hobgoblin barely misses you.
A goblin comes into view. It is wielding a +0 club.
Robin closely misses you.
The goblin moves out of view.
You see here a +0 club.
You barely miss the hobgoblin. You hit the worm.
You hit Robin but do no damage. You barely miss the goblin.
You block the goblin's attack.
A goblin comes into view. It is wielding a +0 club.
The hobgoblin closely misses you. Robin hits you but does no damage.
The worm bites you. The goblin hits you but does no damage.
Unknown command.
You slash Robin!
Robin is almost dead.
You completely miss the worm. You hit the hobgoblin.
You completely miss the goblin. The hobgoblin hits you.
You block Robin's attack. The goblin hits you but does no damage.
The worm bites you.
* * * LOW HITPOINT WARNING * * *
The hobgoblin closely misses you.
Robin roars a battlecry!
The goblin goes into a battle-frenzy!
The goblin misses you.
You hit Robin.
Robin is almost dead.
You barely miss the goblin. You hit the hobgoblin.
You kill the hobgoblin!
You hit the goblin. You hit the worm. The goblin hits you with a +0 club.
You die...

*,,..>...[..,,,,,,,,,*,,,,,,,,***
***....>....,,,,,...,*,,,,,,,8**,
*(.......#**,,,...,*,,,,,,,,,*,
*........# **,,..,**,,,,,,,8,,,
*........# **,g.,***,8,8,8,**,
*....(...######K#,# *,**<*****,
*.............#.#.###.**,* *, *
*#####...####.#gg.....**,* *, *
#........@gg.....**,* *, *
###.....gwg......,,,* *, *
##.##...######.********,
*********#...##### *,* *,,,,
**,,,,,,......* *,* *,***
**,****###...#* *,* *,*
**,******##.##** *,* #*,***
**,**,,,,,...,,********,***#.,,,,
*,,,,,,,,##**,*,,,,,,,,,,,#).##*


You could see a worm, Robin, 6 goblins and a kobold.

Vanquished Creatures
  A dart slug (D:1)
  2 endoplasms (D:1)
  3 goblins
  3 hobgoblins (D:2)
  2 kobolds (D:1)
  A quokka (D:1)
  6 ball pythons (D:1)
  2 frilled lizards (D:1)
20 creatures vanquished.

Notes
Turn   | Place    | Note
-------+----------+-------------------------------------------
     0 | D:1      | bande the Gargoyle Fighter began the quest for the Orb.
     0 | D:1      | Reached XP level 1. HP: 14/14 MP: 1/1
   377 | D:1      | Reached XP level 2. HP: 19/19 MP: 2/2
  1220 | D:2      | Noticed Robin
  1229 | D:2      | Slain by a goblin

Illustrated notes

Levels and vault maps discovered:
D:1:      saegor_arrival_simple_b, layout_basic, minmay_shallow_snake_nest
D:2:      layout_loops_ring, shapermc_ecumenical_altar_pompeii, serial_shops,
          nicolae_shop_temple_entry_statues_fountains, nrook_mini_backslash,
          minmay_fractal_squares_5, uniq_robin

Action                   || total
-------------------------++-------
Melee: War axe           ||    47
  Use: Scroll            ||     6
Armor: Scale mail        ||    22
Dodge: Dodged            ||    30
Block: Buckler           ||    12

Table legend: (Time is in decaauts)
 A = Elapsed time spent in this place.
 B = Non-inter-level travel time spent in this place.
 C = Inter-level travel time spent in this place.
 D = Time resting spent in this place.
 E = Time spent auto-exploring this place.
 F = Levels seen in this place.
 G = Mean time per level.
                   A        B        C        D        E       F      G
               +--------+--------+--------+--------+--------+-----+--------+
         Total |   1248 |   1248 |      0 |      0 |   1091 |   2 |  624.0 |
       Dungeon |   1248 |   1248 |      0 |      0 |   1091 |   2 |  624.0 |
               +--------+--------+--------+--------+--------+-----+--------+

Top non-repeatable levels by time:
     D:1: 1216 daAuts
     D:2: 32 daAuts
